 Dungeon Crawl Stone Soup version 0.29.1-15-g9cfb28693d (webtiles) character file.

Game seed: 10583044285089382318

3071 Artool the Fighter (level 9, -4/67 HPs)
             Began as a Demonspawn Fighter on Apr 6, 2023.
             Was a Follower of Hepliaklqana.
             Slain by a killer bee (5 damage)
             ... on level 6 of the Dungeon.
             The game lasted 00:16:54 (7496 turns).

Artool the Fighter (Demonspawn Fighter)             Turns: 7496, Time: 00:16:54

Health: -4/67      AC: 25    Str: 21    XL:     9   Next: 58%
Magic:  9/9        EV:  6    Int: 12    God:    Hepliaklqana [*.....]
Gold:   238        SH:  4    Dex: 13    Spells: 8/8 levels left

rFire   + . .      SeeInvis .   a - +0 flail
rCold   + . .      Faith    +   c - +0 buckler
rNeg    . . .      Spirit   .   C - +0 plate armour
rPois   .          Reflect  .   (helmet restricted)
rElec   .          Harm     .   (no cloak)
rCorr   .          Rampage  +   (no gloves)
Will    .....                   y - +2 pair of boots of Utrocec {rF+ Int+3}
Stlth   ..........              v - amulet "Gevet" {Faith Rampage Fragile Regen+}
HPRegen 1.01/turn               m - ring of protection from cold
MPRegen 0.11/turn               (no ring)

@: lethally poisoned (-4 -> -10), sanguine armoured, studying Hexes
A: reduced essence, horns 1, powered by death 1, sanguine armour 2
a: Renounce Religion, Recall Ancestor, Ancestor Identity


You were on level 6 of the Dungeon.
You worshipped Hepliaklqana.
Hepliaklqana was aware of your devotion.
You visited 2 branches of the dungeon, and saw 8 of its levels.

You collected 238 gold pieces.

Inventory:

Hand Weapons
 a - a +0 flail (weapon)
 b - the +7 sling of the Undead {flame, rPois}
   (You found it on level 7 of the Dungeon)

   Any ammunition fired from it burns those it strikes, dealing additional fire
   damage.
   rPois:     It protects you from poison.
Missiles
 i - 3 curare-tipped darts (quivered)
 n - 6 boomerangs
 r - 10 poisoned darts
 E - 6 javelins
 L - 3 stones
Armour
 c - a +0 buckler (worn)
 y - the +2 pair of boots of Utrocec (worn) {rF+ Int+3}
   (You found it on level 4 of the Dungeon)

   Int:       It affects your intelligence (+3).
   rF:        It protects you from fire.
 C - a +0 plate armour (worn)
 K - a +0 scale mail
Jewellery
 m - a ring of protection from cold (left hand)
 v - the amulet "Gevet" (around neck) {Faith Rampage Fragile Regen+}
   (You found it on level 4 of the Dungeon)

   [amulet of faith]

   It allows you to gain divine favour quickly.
   Regen:     It increases your rate of health regeneration.
   Fragile:   It will be destroyed if unequipped.
   Rampage:   It bestows one free step when moving towards enemies.
 w - a ring of see invisible
 F - a ring of fire
Wands
 l - a wand of digging (7)
 u - a wand of roots (4)
 I - a wand of charming (8)
Scrolls
 d - 2 scrolls of torment {unknown}
 e - a scroll of noise {unknown}
 g - 2 scrolls of immolation {unknown}
 j - 6 scrolls of identify {unknown}
 p - 3 scrolls of teleportation {unknown}
 x - a scroll of summoning {unknown}
 z - a scroll of enchant weapon {unknown}
 A - a scroll of enchant armour {unknown}
 B - 2 scrolls of fog {unknown}
 G - a scroll of amnesia {unknown}
 J - a scroll of fear {unknown}
Potions
 f - 2 potions of haste {unknown}
 h - a potion of degeneration {unknown}
 k - a potion of cancellation {unknown}
 o - 2 potions of brilliance {unknown}
 q - 4 potions of curing {unknown}
 s - 2 potions of attraction {unknown}
 t - 2 potions of lignification {unknown}
 D - a potion of resistance {unknown}
 H - 2 potions of flight {unknown}


   Skills:
 + Level 8.3 Fighting
 + Level 7.4 Maces & Flails
 + Level 7.6 Armour
 - Level 2.6 Shields


You had 8 spell levels left.
You didn't know any spells.
Your spell library contained the following spells:

 Spells                   Type           Power      Damage    Failure   Level
 Poisonous Vapours        Pois/Air       0%         N/A       100%        2
 Static Discharge         Conj/Air       0%         3-3/arc   100%        2
 Ozocubu's Armour         Ice            0%         N/A       100%        3
 Corpse Rot               Necr/Pois/Air  0%         N/A       100%        4
 Dispel Undead            Necr           0%         3d6       100%        4
 Sticky Flame             Conj/Fire      0%         2d3       100%        4
 Metabolic Englaciation   Hex/Ice        0%         N/A       100%        5
 Simulacrum               Ice/Necr       0%         N/A       100%        6


Dungeon Overview and Level Annotations

Branches:
Dungeon (7/15)             Temple (1/1) D:4

Altars:
Ashenzari
Cheibriados
Dithmenos
Fedhas
Gozag
Hepliaklqana
Kikubaaqudgha
Nemelex Xobeh
Okawaru
Qazlal
Sif Muna
Trog
Uskayaw
Vehumet
Wu Jian
Xom
Yredelemnul

Shops:
D:3 *


Innate Abilities, Weirdness & Mutations

Your life essence is reduced to manifest your ancestor. (-10% HP)
You have a pair of small horns on your head.
You regenerate a little health from kills.
When seriously injured, your blood forms thick armour. (AC +9)


Message History

The killer bee poisons you! The killer bee barely misses you.
The killer bee stings you!
You are more poisoned.
The killer bee poisons you!
You barely miss the killer bee.
The killer bee is lightly wounded.
You feel extremely sick.
The killer bee stings you but does no damage.
The killer bee barely misses you. You block the killer bee's attack.
The killer bee stings you but does no damage.
You hit the killer bee but do no damage.
The killer bee is lightly wounded.
You feel very sick. The killer bee completely misses you.
The killer bee stings you but does no damage. x2
The killer bee stings you.
You are more poisoned.
The killer bee poisons you!
You miss the killer bee.
The killer bee is lightly wounded.
* * * LOW HITPOINT WARNING * * *
You feel extremely sick. The killer bee stings you.
* * * LOW HITPOINT WARNING * * *
The killer bee stings you but does no damage. x3
You thump the killer bee!
The killer bee is heavily wounded.
* * * LOW HITPOINT WARNING * * *
You feel very sick.
The killer bee stings you but does no damage. x2
The killer bee stings you!
* * * LOW HITPOINT WARNING * * *
The killer bee closely misses you.
You miss the killer bee.
The killer bee is heavily wounded.
* * * LOW HITPOINT WARNING * * *
You feel very sick.
The killer bee stings you but does no damage.
The killer bee stings you.
You die...

#.##########.....#####.###.#####.
#.........###...#####...#...####.
.............<..........#........
#..######.####..#####..._..#####.
#..# #.# #..# #...#..# #. #..#
#.####.>#####...#..## #. #..#
#..............###..## #. #..#
##..#####y......###...###. #..#
#...# #@......###....... #..#
#...# #y###.#.....#####. #..#
#...# #.###.##.##.# #.
...#####...#####.##...#.##.# ##
.........#.......#......##.######
..###########.#............##....
..# #.####.[...######.### ..# #.#
##...## #.# ############### ##.##
#.#


You could see 2 killer bees.

Vanquished Creatures
  An unseen horror (D:5)
  A kobold demonologist (D:5)
  Menkaure (D:7)
  2 water moccasins
  An orc warrior (D:4)
  2 ice beasts (D:6)
  2 black bears
  An ogre (D:5)
  A centaur (D:6)
  3 phantoms (D:5)
  2 bullfrogs (D:6)
  3 scorpions
  A necrophage (D:6)
  5 hounds
  An orc priest (D:6)
  4 jellies
  An iguana (D:5)
  Jessica (D:2)
  3 orc wizards
  Terence (D:3)
  9 adders
  4 shadow imps
  A white imp (D:6)
  3 ufetubi
  A worm (D:3)
  2 dart slugs
  19 orcs
  2 bats (D:1)
  3 endoplasms
  2 giant cockroaches
  6 goblins
  11 hobgoblins
  4 kobolds
  3 quokkas
  11 ball pythons
  2 frilled lizards (D:1)
  5 rats
125 creatures vanquished.

Vanquished Creatures (collateral kills)
  A shadow (D:6)
  An ice beast (D:6)
  A bullfrog (D:6)
  A hound (D:7)
  An adder (D:6)
5 creatures vanquished.

Grand Total: 130 creatures vanquished

Notes
Turn   | Place    | Note
-------+----------+-------------------------------------------
     0 | D:1      | Artool the Demonspawn Fighter began the quest for the Orb.
     0 | D:1      | Reached XP level 1. HP: 18/18 MP: 1/1
    23 | D:1      | Found a faded altar of an unknown god.
   178 | D:1      | Gained mutation: When seriously injured, your blood forms
                  | armour. (AC +9) [demonic ancestry]
   178 | D:1      | Reached XP level 2. HP: 24/24 MP: 2/2
  1176 | D:2      | Reached XP level 3. HP: 27/29 MP: 3/3
  1332 | D:2      | Noticed Jessica
  1337 | D:2      | Killed Jessica
  1338 | D:2      | Reached XP level 4. HP: 37/37 MP: 4/4
  1953 | D:3      | Noticed Terence
  1964 | D:3      | Killed Terence
  1965 | D:3      | Reached skill level 4 in Fighting
  2287 | D:3      | Found a basalt altar of Yredelemnul.
  2445 | D:3      | Reached XP level 5. HP: 33/42 MP: 5/5
  3105 | D:3      | Found Byci's Assorted Antiques.
  3128 | D:3      | You fall into a shaft and drop 3 floors!
  3136 | D:5      | Entered Level 5 of the Dungeon
  3395 | D:5      | Gained mutation: When seriously injured, your blood forms
                  | thick armour. (AC +9) [demonic ancestry]
  3395 | D:5      | Reached XP level 6. HP: 33/49 MP: 6/6
  3791 | D:4      | Found an ancient bone altar of Kikubaaqudgha.
  3847 | D:5      | Reached skill level 5 in Fighting
  4240 | D:5      | Gained mutation: You regenerate a little health from kills.
                  | [demonic ancestry]
  4240 | D:5      | Reached XP level 7. HP: 40/56 MP: 7/7
  4698 | D:4      | Identified the amulet "Gevet" {Faith Rampage Fragile
                  | Regen+}
  4758 | D:4      | Found a staircase to the Ecumenical Temple.
  4773 | Temple   | Entered the Ecumenical Temple
  4790 | Temple   | Became a worshipper of Hepliaklqana the Forgotten
  4913 | D:4      | Found a sparkling altar of Nemelex Xobeh.
  4913 | D:4      | Found an ornate altar of the Wu Jian Council.
  4954 | D:4      | Identified the +2 pair of boots of Utrocec {rF+ Int+3}
  4997 | D:4      | Reached skill level 5 in Armour
  5536 | D:4      | Reached skill level 6 in Fighting
  5536 | D:4      | Reached skill level 5 in Maces & Flails
  5830 | D:6      | Found a broken altar of Ashenzari.
  5846 | D:6      | Reached XP level 8. HP: 58/64 MP: 8/8
  6022 | D:6      | Noticed a kobold demonologist
  6104 | D:5      | Noticed a hellwing
  6117 | D:5      | Killed a kobold demonologist
  6176 | D:6      | Reached skill level 7 in Fighting
  6511 | D:5      | Gained mutation: You have a pair of small horns on your
                  | head. [demonic ancestry]
  6511 | D:5      | Reached XP level 9. HP: 33/72 MP: 9/9
  6683 | D:5      | Killed an unseen horror
  6743 | D:6      | Reached * piety under Hepliaklqana
  6967 | D:6      | Reached skill level 8 in Fighting
  7315 | D:7      | Identified the +7 sling of the Undead {flame, rPois}
  7441 | D:7      | Noticed Menkaure
  7446 | D:7      | Killed Menkaure
  7496 | D:6      | HP: 1/67 [poisoned by a killer bee]
  7496 | D:6      | Slain by a killer bee

Illustrated notes

Levels and vault maps discovered:
D:1:      minmay_arrival_wavy_path, layout_basic,
          dreamdust_ecumenical_altar_grove
D:2:      layout_basic, uniq_jessica
D:3:      layout_basic, mainiacjoe_overflow_brackets, elyvilon_altar_4,
          serial_shops, nicolae_shop_competitors_out_of_business, uniq_terence
D:4:      layout_gridville, nicolae_overflow_hidden_temple,
          gammafunk_temple_overflow_elements, temple_pool_b, st_stairs_10
D:5:      layout_basic
D:6:      minmay_razor_zed, layout_loops_ring, cheibrodos_ashenzari_chains,
          minmay_manual_mail
D:7:      layout_loops_ring, hangedman_decor_points,
          hangedman_abyss_or_decor_jellyfish_corner, hangedman_decor_opposing,
          chequers_serial_rivers_micro_c, bh_walls_and_bars, uniq_duvessa,
          uniq_menkaure
Temple:   nicolae_temple_ecumenical_triangle

Skill      XL: |  1  2  3  4  5  6  7  8  9 |
---------------+----------------------------+-----
Maces & Flails | 2 3 4 5 6 7 |  7.4
Armour         | 3 4 5 6 7 |  7.6
Fighting       | 4 5 6 7 8 |  8.3
Shields        | |  2.6

Action                   |  1- 3 |  4- 6 |  7- 9 || total
-------------------------+-------+-------+-------++-------
Melee: Flail             |    69 |   188 |   419 ||   676
       Headbutt          |       |       |    23 ||    23
Invok: Ancestor Identity |       |       |     1 ||     1
  Use: Potion            |       |       |     1 ||     1
 Stab: Distracted        |       |       |     1 ||     1
Armor: Scale mail        |    27 |   107 |    71 ||   205
       Plate armour      |       |       |   495 ||   495
Dodge: Dodged            |    27 |   101 |   183 ||   311
Block: Buckler           |    23 |    44 |   104 ||   171
